 Dungeon Crawl Stone Soup version 0.20-b1-24-gb21faa7 (webtiles) character file.

628 Gorglomux the Skirmisher (level 7, -11/55 HPs)
             Began as a Mummy Fighter on May 25, 2017.
             Killed by divine providence
             ... invoked by an orc priest
              (13 damage)
             ... on level 5 of the Dungeon.
             The game lasted 00:02:01 (2700 turns).

Gorglomux the Skirmisher (Mummy Fighter)            Turns: 2700, Time: 00:02:02

Health: -11/55     AC:  9    Str: 19    XL:     7   Next: 23%
Magic:  7/7        EV:  8    Int:  7    God:
Gold:   198        SH: 12    Dex: 14    Spells: 6/6 levels left

rFire    x . .     SeeInvis .   a - +0 war axe
rCold    + . .     Gourm    .   c - +0 shield
rNeg     + + +     Faith    .   b - +0 scale mail
rPois    ∞         Spirit   .   n - +0 helmet
rElec    .         Reflect  +   (no cloak)
rCorr    .         Harm     .   (no gloves)
MR       .....                  o - +0 pair of boots
Stlth    ..........             e - +3 amulet of reflection
Regen    0.2/turn               l - ring of flight
MPRegen  0.1/turn               (no ring)

@: no status effects
A: no food or potions, fire vulnerability, cold resistance 1, negative energy
resistance 3, torment resistance, unbreathing
a: Evoke Flight


You were on level 5 of the Dungeon.
You were not hungry.

You visited 1 branch of the dungeon, and saw 5 of its levels.

You collected 198 gold pieces.

Inventory:

Hand Weapons
 a - a +0 war axe (weapon)
Missiles
 Z - a throwing net (quivered)
Armour
 b - a +0 scale mail (worn)
 c - a +0 shield (worn)
 n - a +0 helmet (worn)
 o - a +0 pair of boots (worn)
Jewellery
 e - a +3 amulet of reflection (around neck)
 l - a ring of flight (left hand)
 Y - an uncursed ring of stealth {unknown}
Wands
 L - a wand of lightning (8/15)
Scrolls
 d - 3 scrolls of remove curse {unknown}
 f - 2 scrolls of amnesia {unknown}
 g - 9 scrolls of identify {unknown}
 h - a scroll of noise {unknown}
 j - 3 scrolls of enchant weapon {unknown}
 k - 2 scrolls of recharging {unknown}
 m - 2 scrolls of fear {unknown}
 p - 2 scrolls of teleportation {unknown}
 W - a scroll of immolation {unknown}
 X - a scroll of fog {unknown}


   Skills:
 + Level 4.5 Fighting
 + Level 3.4 Axes
 + Level 3.6 Armour
 + Level 2.4 Dodging
 + Level 3.8 Shields


You had 6 spell levels left.
You didn't know any spells.

Dungeon Overview and Level Annotations

Branches:
Dungeon (5/15)
 Temple: D:4-7

Altars:
Dithmenos
Fedhas
Ru
Vehumet

Shops:
D:4 [(


Innate Abilities, Weirdness & Mutations

You do not eat or drink.
Your flesh is vulnerable to fire.
You are immune to poison.
Your flesh is cold resistant. (rC+)
You are immune to negative energy. (rN+++)
You are immune to unholy pain and torment.
You can survive without breathing.


Message History

You are too injured to fight recklessly!
You are too injured to fight recklessly!
Unknown command.
There are monsters nearby!
You are too injured to fight recklessly!
You are too injured to fight recklessly!
You are too injured to fight recklessly!
You are too injured to fight recklessly!
You are too injured to fight recklessly!
Unknown command.
There are monsters nearby!
You are too injured to fight recklessly!
You are too injured to fight recklessly!
You are too injured to fight recklessly!
You are too injured to fight recklessly!
You are too injured to fight recklessly!
Unknown command.
The orc priest calls down the wrath of Beogh upon you.
Beogh smites you!
You die...

...##....!..........##
................>....###
...###.##...............
.....#.#................
...#.........###.#..._.
..####.#.....# #.#.....
.............###.# .
.#......##.......##
...#....####.###@.#.#.#.
.....##..# #.. #......[.
.....# #.. #..oo#.....#
.....# #. #....####.###
....... .....oo ...
.....### ..?.... ##.
....... ....... ....###
###...# ....# #.#.


You could see 2 orc priests and 2 orcs.

Vanquished Creatures
  A sky beast (D:5)
  2 scorpions
  A crimson imp (D:5)
  4 hounds
  2 bullfrog skeletons
  Ijyb (D:5)
  2 worker ants
  7 adders
  3 oozes
  An adder zombie (D:4)
  A worm (D:2)
  3 dart slugs
  2 leopard geckos
  2 orcs
  8 giant cockroaches
  7 hobgoblins
  9 jackals
  2 quokkas
  9 bats
  3 frilled lizards
  4 goblins
  4 kobolds
  6 rats
84 creatures vanquished.

Notes
Turn   | Place    | Note
-------+----------+-------------------------------------------
     0 | D:1      | Gorglomux the Mummy Fighter began the quest for the Orb.
     0 | D:1      | Reached XP level 1. HP: 18/18 MP: 1/1
   149 | D:1      | Reached XP level 2. HP: 11/24 MP: 2/2
   725 | D:1      | Reached XP level 3. HP: 28/29 MP: 3/3
   952 | D:2      | Reached XP level 4. HP: 27/35 MP: 4/4
  1352 | D:3      | Reached skill level 1 in Dodging
  1352 | D:3      | Reached skill level 3 in Shields
  1370 | D:3      | Reached skill level 3 in Armour
  1370 | D:3      | Reached XP level 5. HP: 29/41 MP: 5/5
  1923 | D:4      | Found a radiant altar of Vehumet.
  1926 | D:4      | Found a sacrificial altar of Ru.
  1929 | D:4      | Found a shadowy altar of Dithmenos.
  1998 | D:4      | Reached skill level 4 in Fighting
  1998 | D:4      | Reached XP level 6. HP: 35/48 MP: 6/6
  2192 | D:4      | Found Kuese's Weapon Shoppe.
  2274 | D:4      | Found Vepouw's Antique Armour Boutique.
  2276 | D:4      | Found a blossoming altar of Fedhas.
  2305 | D:4      | Reached skill level 3 in Axes
  2483 | D:5      | Entered Level 5 of the Dungeon
  2483 | D:5      | Noticed Ijyb
  2483 | D:5      | Noticed a sky beast
  2492 | D:5      | Killed a sky beast
  2515 | D:5      | Reached XP level 7. HP: 32/55 MP: 7/7
  2522 | D:5      | Killed Ijyb
  2630 | D:5      | Found a shadowy altar of Dithmenos.
  2699 | D:5      | HP: 2/55 [orc priest/divine providence (10)]
  2700 | D:5      | Killed from afar by an orc priest

Skill      XL: |  1  2  3  4  5  6 |
---------------+-------------------+-----
Axes           | 2 3 |  3.4
Dodging        | 1 2 |  2.4
Shields        | 3 |  3.8
Armour         | 3 |  3.6
Fighting       | 4 |  4.5

Action                   |  1- 3 |  4- 6 |  7- 9 || total
-------------------------+-------+-------+-------++-------
Melee: War axe           |   121 |   224 |    53 ||   398
Armor: Scale mail        |    76 |   102 |    27 ||   205
Dodge: Dodged            |    48 |    63 |    21 ||   132
Block: Shield            |    68 |   184 |    47 ||   299
